 Dungeon Crawl Stone Soup version 0.19.1-1-g22dce08 (webtiles) character file.

305 LORDOFBUTT the Chopper (level 6, -20/56 HPs)
             Began as a Minotaur Berserker on Dec 30, 2016.
             Was a Priest of Trog.
             Demolished by an ogre
             ... wielding a +0 giant club
              (26 damage)
             ... on level 4 of the Dungeon.
             The game lasted 00:04:05 (2886 turns).

LORDOFBUTT the Chopper (Minotaur Berserker)         Turns: 2886, Time: 00:04:06

Health: -20/56     AC:  2    Str: 24    XL:     6   Next: 15%
Magic:  5/5        EV: 13    Int:  4    God:    Trog [***...]
Gold:   176        SH:  0    Dex:  9    Spells: 0 memorised, 5 levels left

rFire  + . .     SeeInvis .     a - +0 hand axe
rCold  x . .     Gourm    .     b - +0 animal skin
rNeg   . . .     Faith    .     (no shield)
rPois  .         Spirit   .     (helmet restricted)
rElec  .         Reflect  .     (no cloak)
rCorr  .         Harm     .     (no gloves)
MR     .....                    (no boots)
Stlth  ..........               (no amulet)
                                h - ring of fire
                                f - ring of loudness (curse)

@: no status effects
A: retaliatory headbutt, horns 2
a: Berserk, Trog's Hand, Burn Spellbooks, Renounce Religion


You were on level 4 of the Dungeon.
You worshipped Trog.
Trog was most pleased with you.
You were not hungry.

You visited 1 branch of the dungeon, and saw 4 of its levels.

You collected 176 gold pieces.

Inventory:

Hand Weapons
 a - a +0 hand axe (weapon)
Armour
 b - a +0 animal skin (worn)
Jewellery
 f - a cursed ring of loudness (left hand)
 h - a ring of fire (right hand)
 l - an uncursed amulet of rage {unknown}
 u - an uncursed ring of see invisible {unknown}
Wands
 o - a wand of teleportation (4/9)
Scrolls
 j - a scroll of magic mapping {unknown}
 m - a scroll of blinking {unknown}
 n - a scroll of fog
 t - a scroll of noise {unknown}
 v - a scroll of remove curse {unknown}
Potions
 e - a potion of degeneration
 g - a potion of cure mutation {unknown}
 i - a potion of cancellation {unknown}
 k - 4 potions of curing {unknown}
 p - a potion of lignification {unknown}
Comestibles
 c - 4 bread rations
 d - 4 meat rations
 q - a slice of pizza
 r - a royal jelly
 s - 4 chunks of flesh


   Skills:
 + Level 5.2 Fighting
 * Level 5.7 Axes
 + Level 4.0 Armour
 + Level 3.7 Dodging


You had 5 spell levels left.
You didn't know any spells.

Dungeon Overview and Level Annotations

Branches:
Dungeon (4/15)
 Temple: D:4-7

Altars:
Trog
Vehumet


Innate Abilities, Weirdness & Mutations

You reflexively headbutt those who attack you in melee.
You have a pair of horns on your head.


Message History

There is a stone staircase leading up here.
v - a scroll labeled URCHAN ZELELI HP restored.
Found a stone staircase leading down.
Some of the chunks of flesh in your inventory have rotted away.
An ogre comes into view. It is wielding a giant club.
An ogre is nearby!
You found a teleport trap!
The ogre hits you with a giant club!!
You slash the ogre! You headbutt the ogre!
The ogre is heavily wounded.
You hit the ogre. You headbutt the ogre.
The ogre is severely wounded.
The ogre hits you with a giant club!!
Ouch! That really hurt!
* * * LOW HITPOINT WARNING * * *
You are too injured to fight recklessly!
You hit the ogre.
The ogre is almost dead.
The ogre hits you with a giant club!!
You die...

..........#...<.##.
..#............###......
...............# #....#.
...............####..#..
....................##..
....................###.
#........#.....####..###
#.....^O##.....# ##.##
#..#.>@....#..# ##..#.
#........##..####..##.
##.....?.##...##.###..
##...#...# #..........
..........###....####..
##........##...##.#####
####........#####.####
#.#.....## ##...#
###....## #.##.


You could see an ogre.

Vanquished Creatures
  An ogre (D:4)
  A centaur (D:3)
  5 adders
  A worm (D:3)
  2 dart slugs
  3 leopard geckos
  4 orcs (D:3)
  2 ball pythons
  5 bats
  2 giant cockroaches
  9 goblins
  8 hobgoblins
  13 jackals
  8 kobolds
  8 frilled lizards
  7 rats
79 creatures vanquished.

Notes
Turn   | Place    | Note
-------+----------+-------------------------------------------
     0 | D:1      | LORDOFBUTT the Minotaur Berserker began the quest for the Orb.
     0 | D:1      | Reached XP level 1. HP: 19/19 MP: 0/0
   103 | D:1      | Reached XP level 2. HP: 11/27 MP: 1/1
   532 | D:1      | Reached XP level 3. HP: 12/33 MP: 2/2
   535 | D:1      | Reached ** piety under Trog
  1226 | D:2      | Reached XP level 4. HP: 26/41 MP: 3/3
  1592 | D:2      | Found a bloodstained altar of Trog.
  2053 | D:3      | Noticed a centaur
  2065 | D:3      | Killed a centaur
  2065 | D:3      | Reached skill level 5 in Axes
  2065 | D:3      | Reached XP level 5. HP: 8/47 MP: 4/4
  2368 | D:3      | Reached *** piety under Trog
  2650 | D:3      | Reached skill level 5 in Fighting
  2766 | D:4      | Noticed an ogre
  2774 | D:4      | Killed an ogre
  2774 | D:4      | Reached XP level 6. HP: 37/56 MP: 5/5
  2809 | D:4      | Found a radiant altar of Vehumet.
  2886 | D:4      | Demolished by an ogre

Skill      XL: |  1  2  3  4  5 |
---------------+----------------+-----
Axes           | 4 5 |  5.7
Armour         | 3 4 |  4.0
Fighting       | 4 5 |  5.2
Dodging        | 3 |  3.7

Action                   |  1- 3 |  4- 6 || total
-------------------------+-------+-------++-------
Melee: Hand axe          |    75 |    80 ||   155
       Headbutt          |     7 |    18 ||    25
Invok: Berserk           |       |     1 ||     1
  Use: Scroll            |     3 |       ||     3
  Eat: Chunk             |     1 |     6 ||     7
Armor: Animal skin       |    10 |    10 ||    20
Dodge: Dodged            |    62 |    58 ||   120
